cohdb
Replays
Latest Replays
All Replays
Popular Replays
Top Player Replays
Match Explorer
How It Works
Community
CoH3 Stats
Reddit
Sign in to upload your games and track your stats! →
Sign in with Steam
Match 44248586
Unlisted
Match 44248586
Overview
Messages
Build Orders
End
Construct Barracks
Selects Airborne Battlegroup
Selects Heavy Machine Gun Paradrop
Heavy Machine Gun Paradrop
Riflemen Squad
Heavy Machine Gun Paradrop
Mechanized Support Center
Selects Paratrooper Squad Paradrop
Paratrooper Squad Paradrop
Construct Motor Pool
Paratrooper Squad Paradrop
M8 Greyhound Armored Car
Paratrooper Squad Paradrop
kamratrobin
Mafeedas
DrewP
Dillbro
0
0
Comments
sign in to comment!
No comments posted yet!